 Dungeon Crawl Stone Soup version 0.19.4 (webtiles) character file.

23 JeffiDaFish the Stinger (level 2, 0/19 HPs)
             Began as a Demonspawn Venom Mage on Feb 2, 2017.
             Slain by a hobgoblin
             ... wielding a +0 club
             ... led by Robin
              (6 damage)
             ... on level 2 of the Dungeon.
             The game lasted 00:02:27 (1218 turns).

JeffiDaFish the Stinger (Demonspawn Venom Mage)     Turns: 1218, Time: 00:02:28

Health: 0/19       AC:  3    Str:  6 (8)  XL:     2   Next: 72%
Magic:  1/5        EV: 12    Int: 15 (16) God:
Gold:   28         SH:  0    Dex: 11 (13) Spells: 1 memorised, 4 levels left

rFire  . . .     SeeInvis .     d - -1 hand axe (curse)
rCold  . . .     Gourm    .     a - +1 robe
rNeg   . . .     Faith    .     (no shield)
rPois  .         Spirit   .     (no helmet)
rElec  .         Reflect  .     (no cloak)
rCorr  .         Harm     .     (no gloves)
MR     .....                    (no boots)
Stlth  ++........               (no amulet)
                                (no ring)
                                (no ring)

@: very slightly contaminated
A: sturdy frame 1
a: no special abilities


You were on level 2 of the Dungeon.
You were not hungry.

You visited 1 branch of the dungeon, and saw 2 of its levels.

You collected 28 gold pieces.

Inventory:

Hand Weapons
 d - a cursed -1 hand axe (weapon)
Armour
 a - a +1 robe (worn)
Scrolls
 e - 2 scrolls of teleportation
Books
 b - a Young Poisoner's Handbook

   Spells                             Type                      Level
   a - Sting                          Conjuration/Poison           1
   b - Mephitic Cloud                 Conjuration/Poison/Air       3
   c - Olgreb's Toxic Radiance        Poison                       4
   d - Alistair's Intoxication        Transmutation/Poison         5
   e - Venom Bolt                     Conjuration/Poison           5
Comestibles
 c - a bread ration
 f - a beef jerky


   Skills:
 + Level 0.1 Axes
 + Level 1.8 Dodging
 + Level 2.0 Stealth
 + Level 2.1 Spellcasting
 + Level 0.4 Conjurations
 + Level 4.5 Poison Magic


You had 4 spell levels left.
You knew the following spells:

 Your Spells              Type           Power        Failure   Level  Hunger
a - Sting                 Conj/Pois      #...         12%         1    #......


Dungeon Overview and Level Annotations

Branches:
Dungeon (2/15)

Altars:


Innate Abilities, Weirdness & Mutations

Your movements are slightly less encumbered by armour. (ER -2)


Message History

The hobgoblin hits you but does no damage.
You barely miss the hobgoblin. The hobgoblin closely misses you.
You barely miss the hobgoblin. The hobgoblin hits you with a club.
You barely miss the hobgoblin.
The hobgoblin hits you but does no damage.
The hobgoblin barely misses you.
You closely miss the hobgoblin. The hobgoblin hits you with a club.
You barely miss the hobgoblin. The hobgoblin closely misses you.
You hit the hobgoblin but do no damage. The hobgoblin hits you with a club.
You closely miss the hobgoblin. The hobgoblin hits you with a club.
You hit the hobgoblin.
The hobgoblin is severely wounded.
The hobgoblin barely misses you. x2
You hit the hobgoblin but do no damage.
The hobgoblin is severely wounded.
The hobgoblin hits you with a club.
You closely miss the hobgoblin.
The hobgoblin is severely wounded.
The hobgoblin hits you with a club.
You die...

###.........# #.##.###.
#.......##♣.♣ #........
..###...# ♣.♣ ###..####
##. #...##♣.♣####...####
..###.....♣.♣..........+
#.....#.##♣.♣####...####
###..>...♣.♣ ##..# #
####.##♣.♣ ##.# #@# ♣.♣
#####.# #g# ♣.♣ #.....#
#g# #.###.##### ## #.#
#.....# .. #.#
#####.######## #. #.#
#........# g #. #.#
##.##......
#g..##.########.#
#...#.###.#
#)†..)..g.g..÷.# #.#.#.#
#.#


You could see a hobgoblin and a goblin.

Vanquished Creatures
  2 bats
  3 giant cockroaches
  7 goblins
  4 hobgoblins (D:1)
  A frilled lizard (D:2)
  A kobold (D:1)
  A rat (D:1)
19 creatures vanquished.

Notes
Turn   | Place    | Note
-------+----------+-------------------------------------------
     0 | D:1      | JeffiDaFish the Demonspawn Venom Mage began the quest for the Orb.
     0 | D:1      | Reached XP level 1. HP: 13/13 MP: 3/3
   402 | D:1      | Gained mutation: Your movements are slightly less encumbered by armour. (ER -2) [demonic ancestry]
   402 | D:1      | Reached XP level 2. HP: 4/19 MP: 0/5
  1218 | D:2      | Slain by a hobgoblin

Skill      XL: |  1  2 |
---------------+-------+-----
Stealth        | 2 |  2.0
Axes           | |  0.1
Dodging        | |  1.8
Spellcasting   | |  2.1
Conjurations   | |  0.4
Poison Magic   | |  4.5

Action                   || total
-------------------------++-------
Melee: Hand axe          ||    28
       Unarmed           ||     2
 Cast: Sting             ||    21
  Use: Scroll            ||     4
       Potion            ||     4
 Stab: Sleeping          ||     2
  Eat: Chunk             ||     1
Armor: Robe              ||     8
Dodge: Dodged            ||    23
